[Event "*** Titled Tuesday Blitz"]
[Site "Chess.com"]
[Date "2020.03.03"]
[Round "3"]
[White "Amirreza_p"]
[Black "JulianProleiko"]
[Result "1-0"]
[WhiteElo "2794"]
[BlackElo "2481"]
[TimeControl "180+1"]
[EndTime "13:32:41 PST"]
[Termination "Amirreza_p won by checkmate"]

1. e4 c6 2. d4 d5 3. f3 g6 4. Nc3 Bg7 5. Be3 Qb6 6. Rb1 e5 7. Nge2 dxe4 8. Nxe4 Qc7 9. d5 f5 10. Ng5 cxd5 11. Qxd5 Nf6 12. Qc5 Qxc5 13. Bxc5 b6 14. Ba3 h6 15. Nh3 Ba6 16. Nc3 Bxf1 17. Rxf1 Nc6 18.
Rd1 Kf7 19. Rf2 Rhd8 20. Rfd2 Rxd2 21. Rxd2 Rd8 22. Rxd8 Nxd8 23. Nf2 Nc6 24. Nb5 Ke6 25. c4 Ne8 26. Kd2 Bf6 27. Nd1 h5 28. Kd3 Bg5 29. b3 a6 30. Nbc3 Nf6 31. Na4 Nd7 32. Ndc3 Bd8 33.
h3 Nf6 34. Bc1 f4 35. Bd2 g5 36.
Be1 g4 37. Bf2 Nb4+ 38. Ke2 b5 39. cxb5 axb5 40. Nc5+ Kf5 41. Nxb5 Nxa2 42. Nd6+ Kg6 43. Nde4 Nxe4 44. Nxe4 gxh3 45. gxh3 Be7 46. Be1 Nb4 47.
Bxb4 Bxb4 48. Kd3 Kf5 49. Kc4 Be7 50. Kd5 Bb4 51. Kc6 Ke6 52. Kb5 Be1 53. Kc4 Ba5 54.
b4 Bb6 55. Nc5+ Kd6 56. Ne4+ Ke6 57. Kb5 Bd4 58. Kc6 Be3 59. b5 Ba7 60. b6 Bxb6 61. Kxb6 Kd5 62. Kc7 Kd4 63. Kd6 Ke3 64. Ng5 e4 65.
fxe4 f3 66. Nxf3 Kxf3 67. e5 Kg3 68. e6 Kxh3 69. e7 Kg2 70. e8=Q h4 71. Qg6+ Kh2 72. Qg4 h3 73. Ke5 Kh1 74. Qxh3+ Kg1 75. Qe3+ Kf1 76.
Qd2 Kg1 77. Kf4 Kf1 78. Kg3 Kg1 79. Qe1# 1-0

[Event "*** Titled Tuesday Blitz"]
[Site "Chess.com"]
[Date "2020.03.03"]
[Round "3"]
[White "AnkitGajwa"]
[Black "VerdeNotte"]
[Result "1-0"]
[WhiteElo "2490"]
[BlackElo "2751"]
[TimeControl "180+1"]
[EndTime "13:32:49 PST"]
[Termination "AnkitGajwa won by resignation"]

1. d4 Nf6 2. c4 g6 3. Nc3 Bg7 4. e4 d6 5. Nf3 O-O 6. Be2 Nbd7 7. O-O e5 8. d5 Nc5 9. Bg5 h6 10. Bxf6 Qxf6 11. b4 Na6 12. a3 Qe7 13. Nd2 f5 14. Nb3 Bd7 15. Rc1 Qg5 16. c5 f4 17. Kh1 h5 18. c6 Bc8 19. b5 Nb8 20. cxb7 Bxb7 21.
Nb1 Rf7 22. Rc3 Bc8 23. Qc2 Nd7 24. Rxc7 Nb6 25. Rxf7 Kxf7 26. Qc7+ Qe7 27. Rc1 Bd7 28. Qb7 Rc8 29. Rxc8 Nxc8 30. Na5 Ke8 31. Nc6 Qh4 32.
Nb8 Qd8 33. Nc3 Bf8 34. b6 Nxb6 35. Nxd7 Nxd7 36. Qxa7 Qb8 37. Qxb8+ Nxb8 38. Kg1 Be7 39. Kf1 Bd8 40. Bb5+ Ke7 41. Ke2 Bb6 42. f3 g5 43. Kd3 g4 44. h3 Kf6 45. hxg4 hxg4 46. Ne2 Kg5 47. Nc3 Kh4 48. Na4 Ba7 49. Ke2 Kg3 50.
fxg4 Kxg2 51. g5 f3+ 52. Kd1 Be3 53. g6 Bh6 54. Nc3 f2 55. a4 f1=Q+ 56. Bxf1+ Kxf1 57. Nb5 Kf2 58. Nxd6 Kf3 59. Nf7 Bg7 60. d6 Kxe4 61. a5 Kf5 62. a6 Nxa6 63. d7 Bf6 64. g7 Bxg7 65. d8=Q Nc5 66. Qc8+ Kf6 67. Qxc5 Kxf7 68. Qd5+ Kf6 69. Ke2 Kf5 70. Kf3 Bf6 71. Qf7 Kg5 72.
Ke4 1-0

[Event "*** Titled Tuesday Blitz"]
[Site "Chess.com"]
[Date "2020.03.03"]
[Round "3"]
[White "vladimirdamjanovic"]
[Black "aridannie"]
[Result "1/2-1/2"]
[WhiteElo "2641"]
[BlackElo "2428"]
[TimeControl "180+1"]
[EndTime "13:32:50 PST"]
[Termination "Game drawn by repetition"]

1. e4 c5 2. Nf3 Nc6 3. d4 cxd4 4. Nxd4 e5 5. Nb5 d6 6. Bc4 Be7 7. Bg5 a6 8. Bxe7 Kxe7 9. N5c3 Nf6 10. Nd5+ Nxd5 11.
Bxd5 Re8 12. Nc3 Kf8 13. Qh5 Be6 14. Qxh7 Nd4 15. O-O-O Qg5+ 16. Kb1 Ke7 17. h4 Qf6 18. Qh5 Rab8 19. Qg5 b5 20. Qxf6+ Kxf6 21. Rhe1 Rec8 22.
Rd2 b4 23. Ne2 Nb5 24. Kc1 Rc7 25. Bb3 Ke7 26. Red1 Rbc8 27. Kb1 Bc4 28. Ng3 g6 29. h5 Nd4 30. hxg6 fxg6 31. Bxc4 Rxc4 32. Rc1 b3 33. c3 bxa2+ 34. Kxa2 Ra4+ 35. Kb1 Nb3 36. Rcd1 Nxd2+ 37. Rxd2 Rac4 38. f3 a5 39. Nf1 R4c6 40. Ne3 a4 41.
Kc2 Ke6 42. Nd5 Rh8 43. Kb1 Ra8 44. Ka2 Kf7 45. g3 Rc5 46. f4 Rca5 47. Nb6 Rd8 48. Nc4 Ra6 49. Nxe5+ Kf6 50. Nf3 a3 51. b4 Rc8 52. Rd3 Rac6 53. e5+ dxe5 54. Nxe5 Rxc3 55. Rd6+ Kg7 56. Rxg6+ Kh7 57. Ra6 Rxg3 58. Nc6 Re8 59. Ne5 Rd8 60. Ra7+ Kg8 61. Nd7 Rc8 62. Nc5 Re8 63.
Nb3 Re2+ 64. Kxa3 Ree3 65. Ka4 Rxb3 66. Kb5 Rg4 67. Kc4 Rb1 68. b5 Rxf4+ 69. Kc5 Rc1+ 70. Kd6 Rb4 71. Rb7 Rcb1 72. Kc6 Kf8 73. b6 Ke8 74. Rb8+ Ke7 75. b7 Rc1+ 76. Kd5 Rd1+ 77. Kc6 Rbb1 78. Rh8 Rdc1+ 79. Kd5 Rxb7 80. Rh7+ Kd8 81. Rxb7 Rd1+ 82. Kc6 Rc1+ 83. Kd6 Rd1+ 84. Ke6 Re1+ 85. Kd6 Rd1+ 86. Ke6 Re1+ 87. Kf6 Rf1+ 88. Ke6 Re1+ 1/2-1/2

[Event "*** Titled Tuesday Blitz"]
[Site "Chess.com"]
[Date "2020.03.03"]
[Round "3"]
[White "albano87"]
[Black "almaguerjm"]
[Result "1/2-1/2"]
[WhiteElo "1898"]
[BlackElo "2313"]
[TimeControl "180+1"]
[EndTime "13:32:50 PST"]
[Termination "Game drawn - insufficient material"]

1. d4 Nf6 2. Nf3 d5 3. g3 Bg4 4.
Bg2 Nc6 5. O-O Qd7 6. Ne5 Qd6 7. Nxg4 Nxg4 8. Nc3 Nf6 9. Bf4 Qd7 10. e4 e6 11. e5 Ng8 12. Be3 f5 13. exf6 Nxf6 14. Re1 Bd6 15. Bg5 O-O 16. Bh3 Rae8 17. Bxf6 gxf6 18.
Nxd5 Bxg3 19. Nxf6+ Rxf6 20. hxg3 Qxd4 21. Qg4+ Rg6 22.
Qxd4 Nxd4 23. Re4 Nf3+ 24. Kg2 Ng5 25. Rd4 Rf8 26. f4 e5 27. fxe5 Nxh3 28. Kxh3 Rf3 29. Rg4 Kf7 30. Rd1 Rh6+ 31. Kg2 Rf5 32. Rd7+ Ke6 33.
Rxc7 Rxe5 34. Rxb7 Re2+ 35. Kf3 Rxc2 36. Rxa7 Rhh2 37. Re4+ Kd5 38. Ra5+ Kd6 39. b4 h5 40.
Rd4+ Ke6 41. Re4+ Kd6 42. Rf4 Rhf2+ 43. Ke4 Rce2+ 44. Kf5 h4 45. gxh4 Rxa2 46. Rxa2 Rxa2 47. h5 Rh2 48. Kg6 Ke5 49. Rf7 Rg2+ 50. Kh7 Ke6 51.
Rf3 Rg4 52. b5 Rg5 53. h6 Rxb5 54. Kg7 Rg5+ 55. Kh8 Ke7 56. h7 Rg6 57. Rf4 Rg5 58. Rf2 Rg6 59. Ra2 Rg5 60. Ra7+ Ke8 61. Ra8+ Kf7 62.
Rg8 Rh5 63. Rg7+ Kf8 64. Rg2 Rh4 65. Ra2 Rg4 66. Ra8+ Kf7 67. Ra7+ Kf8 68. Ra6 Kf7 69. Ra5 Re4 70. Rf5+ Kg6 71. Rf8 Re7 72. Rg8+ Kh6 73. Ra8 Rxh7+ 74. Kg8 Rb7 75. Ra6+ Kg5 76. Rc6 Kf5 77. Kf8 Ke5 78. Ke8 Kd5 79. Rh6 Rg7 80.
Rh5+ Ke6 81. Rh6+ Ke5 82. Ra6 Rb7 83. Kd8 Kd5 84. Rh6 Rg7 85. Ke8 Ke5 86. Kf8 Rb7 87. Ke8 Kf5 88. Kd8 Ra7 89. Rc6 Ke5 90. Rc7 Ra8+ 91. Ke7 Rh8 92. Rc5+ Kd4 93. Rg5 Rh7+ 94. Ke6 Ra7 95. Rg4+ Kc5 96. Ke5 Re7+ 97. Kf6 Re1 98. Rg2 Kd6 99. Rd2+ Kc5 100. Kf5 Kc4 101. Rd8 Rf1+ 102. Ke5 Re1+ 103. Kd6 Rd1+ 104. Kc7 Rxd8 105. Kxd8 1/2-1/2

[Event "*** Titled Tuesday Blitz"]
[Site "Chess.com"]
[Date "2020.03.03"]
[Round "3"]
[White "Orest_Vovk"]
[Black "NTBT_DHS"]
[Result "1/2-1/2"]
[WhiteElo "2539"]
[BlackElo "2703"]
[TimeControl "180+1"]
[EndTime "13:32:55 PST"]
[Termination "Game drawn by repetition"]

1. g4 h5 2. g5 h4 3. g6 fxg6 4. Nf3 d6 5. d4 Bf5 6. Nc3 Nf6 7. Ng5 Nc6 8. e4 Bg4 9. f3 Bc8 10. Bc4 e6 11. Nxe6 Qe7 12. Ng5 Nd8 13.
Be3 Ne6 14. Qd2 Nxg5 15. Bxg5 Be6 16. Be2 O-O-O 17. d5 Bh3 18. Qd4 Kb8 19. Nb5 c5 20. Qa4 a6 21. Nc3 Rh5 22. Rg1 Qe5 23. f4 Qd4 24.
Qxd4 cxd4 25. Nd1 Rxg5 26. Rxg5 Nxe4 27. Rxg6 Bf5 28. Rg1 Re8 29. Bd3 Nf6+ 30. Kf1 Bh3+ 31. Kf2 Nxd5 32. Re1 Rxe1 33. Kxe1 Nxf4 34. Nf2 Bg2 35.
Be4 h3 36. Kd2 g5 37. Bxg2 hxg2 38. Rg1 d5 39. Nd3 Bd6 40. Nxf4 Bxf4+ 41. Ke2 Bxh2 42. Rxg2 Bf4 43. Kf3 Kc7 44. Re2 Kd7 45. Re1 b5 46.
Rd1 Be3 47. c3 g4+ 48. Kxg4 dxc3 49. bxc3 Kc6 50. Kf3 Bg5 51. Ke2 Kc5 52. Kd3 a5 53. Rg1 Be7 54. Rg8 Bd6 55. Rc8+ Kb6 56. Kd4 b4 57. cxb4 Bxb4 58. Kxd5 Kb5 59. Rg8 Ka4 60. Rg3 Bd2 61. Kc4 Be1 62. Rd3 Bb4 63. Rb3 Ba3 64.
Kd3 Bb4 65. Kc2 Ba3 66. Kb1 Bb4 67. Rf3 Ba3 68. Rf4+ Bb4 69. Rg4 Ka3 70. Rg3+ Ka4 71. Rh3 Be7 72. Kc2 Kb4 73. Re3 Bc5 74. Rb3+ Ka4 75. Rc3 Bb4 76. Rh3 Be7 77. Kb2 Bf6+ 78. Kb1 Kb4 79. Rf3 Bc3 80. a3+ Kb3 81. a4 Kb4 82.
Ka2 Bd2 83. Rd3 Bc3 84. Rh3 Bd4 85. Rh4 Kc4 86. Rg4 Kc3 87. Ka3 Kc4 88. Ka2 Kc3 89.
Rg3+ Kb4 90. Rg4 Kc3 1/2-1/2

[Event "*** Titled Tuesday Blitz"]
[Site "Chess.com"]
[Date "2020.03.03"]
[Round "3"]
[White "Sergey85Rodchenkov"]
[Black "NMZanette"]
[Result "1-0"]
[WhiteElo "2560"]
[BlackElo "2261"]
[TimeControl "180+1"]
[EndTime "13:33:10 PST"]
[Termination "Sergey85Rodchenkov won by resignation"]

1. e4 e5 2. Nf3 Nc6 3. Bc4 Nf6 4. d3 Be7 5. O-O O-O 6. Re1 d6 7. c3 Na5 8. Bb5 a6 9. Ba4 b5 10. Bc2 c5 11. Nbd2 Nc6 12. Nf1 Re8 13. Ng3 Bf8 14.
Nh4 g6 15. Nf3 Bg7 16. a4 Rb8 17. axb5 axb5 18. Bb3 Be6 19. Bxe6 Rxe6 20. Be3 Re8 21. Qb3 Qc7 22. Ra6 Rb6 23. Rea1 Qb7 24. R6a2 Qc7 25. h3 Rb7 26. Ra6 Rb6 27. Ng5 Rf8 28. Ra8 Rbb8 29. Rxb8 Qxb8 30. Ra6 Qb7 31. Qa2 h6 32. Nf3 Nd7 33. Ne2 b4 34. Nd2 bxc3 35. bxc3 Rb8 36. Nc4 Bf8 37. g3 Nf6 38. Qa4 Nd8 39.
Kh2 Qc7 40. Ra7 Qc6 41. Qxc6 Nxc6 42. Ra6 Rc8 43. f4 Ne8 44. fxe5 Nxe5 45. Nxe5 dxe5 46. c4 Rd8 47. Ra3 Nf6 48. Kg2 Nd7 49. Kf3 Nb8 50. Nc1 Nc6 51. Ke2 Nb4 52. Rb3 f5 53. Bd2 fxe4 54.
dxe4 Nc6 55. Bc3 Ra8 56. Nd3 Nd4+ 57. Bxd4 cxd4 58. Nxe5 Ra2+ 59. Kf3 Bd6 60. Nd3 Rd2 61. e5 Be7 62. Ke4 Kf7 63. Kxd4 Re2 64. Kd5 Rd2 65. c5 Bxc5 66. Kxc5 Ke6 67. Kd4 Rc2 68. Nf4+ Kf5 69.
Rb6 h5 70. Rf6+ Kg5 71. Rxg6+ Kf5 72. h4 Rd2+ 73. Nd3 Kxg6 74. Ke3 Rd1 75. Nf4+ Kh6 76. e6 Re1+ 77. Kd4 Kg7 78. Kd5 Kf6 79. Kd6 Kf5 80. e7 Rd1+ 81. Kc7 Re1 82. Kd8 Kg4 83. e8=Q Rxe8+ 84. Kxe8 Kxg3 85. Ng6 Kg4 86. Kf7 Kf5 87. Kg7 Kg4 88. Kh6 Kf5 89. Kxh5 Kf6 90. Kh6 Kf7 91. h5 Kg8 92. Kg5 Kh7 93. h6 Kg8 94. Kh5 Kh7 95.
Nh4 Kg8 96. Kg6 Kh8 97. Nf5 Kg8 98. Nd6 Kh8 99. Nf7+ Kg8 100. h7+ Kf8 101. h8=Q+ Ke7 102. Qe5+ Kf8 103. Qg7+ Ke7 104. Ng5+ Kd6 105. Qf6+ Kd5 106. Qe6+ Kd4 107. Qe4+ Kc3 108. Nf3 Kb3 109. Qd3+ Kb4 110. Nd2 1-0

[Event "*** Titled Tuesday Blitz"]
[Site "Chess.com"]
[Date "2020.03.03"]
[Round "4"]
[White "rogapa"]
[Black "marcodobrikov"]
[Result "1-0"]
[WhiteElo "2733"]
[BlackElo "2560"]
[TimeControl "180+1"]
[EndTime "13:34:39 PST"]
[Termination "rogapa won by resignation"]

1. e4 c5 2. Nf3 d6 3. d4 cxd4 4.
Nxd4 Nf6 5. Nc3 a6 6. Bg5 Nbd7 7. Bc4 e6 8. Qe2 Qb6 9. O-O-O Qc5 10. f4 b5 11.
Bxe6 fxe6 12. Nxe6 Qc6 13. Nd5 Kf7 14. Nd8+ 1-0

[Event "*** Titled Tuesday Blitz"]
[Site "Chess.com"]
[Date "2020.03.03"]
[Round "4"]
[White "Pechen_Yeltsina"]
[Black "Sashadav97"]
[Result "1-0"]
[WhiteElo "2723"]
[BlackElo "2549"]
[TimeControl "180+1"]
[EndTime "13:35:59 PST"]
[Termination "Pechen_Yeltsina won by resignation"]

1. e4 e6 2. d3 d5 3. Nd2 c5 4.
Ngf3 Nc6 5. g3 Nf6 6. Bg2 Be7 7. O-O O-O 8. Re1 b5 9. exd5 exd5 10. a4 b4 11. d4 c4 12. Ne5 Nxe5 13. dxe5 Ne8 14.
Nxc4 Be6 15. Ne3 Nc7 16. f4 f5 17. b3 Bc5 18. Kh1 Rc8 19. Bb2 Bd4 20. Bxd4 1-0

[Event "*** Titled Tuesday Blitz"]
[Site "Chess.com"]
[Date "2020.03.03"]
[Round "4"]
[White "2165149677570"]
[Black "LarissaSteenbekkers"]
[Result "1-0"]
[WhiteElo "2235"]
[BlackElo "1854"]
[TimeControl "180+1"]
[EndTime "13:36:05 PST"]
[Termination "2165149677570 won by resignation"]

1. e4 e6 2. d4 d5 3. Nd2 Nf6 4. e5 Nfd7 5. f4 c5 6. c3 Nc6 7. Ndf3 Qb6 8. g3 Be7 9. Kf2 O-O 10. Kg2 cxd4 11. cxd4 f6 12. Bd3 Kh8 13. Ne2 fxe5 14.
fxe5 Ndxe5 15. dxe5 Nxe5 16. Nxe5 Qf2+ 17. Kh3 Bd6 18.
Bf4 g5 19. Rf1 Qb6 20. Bxg5 Bd7 21. Nxd7 1-0

[Event "*** Titled Tuesday Blitz"]
[Site "Chess.com"]
[Date "2020.03.03"]
[Round "4"]
[White "Saitama_Hero"]
[Black "DoHoChess"]
[Result "1-0"]
[WhiteElo "2310"]
[BlackElo "2641"]
[TimeControl "180+1"]
[EndTime "13:36:39 PST"]
[Termination "Saitama_Hero won by resignation"]

1. b3 e5 2. Bb2 Nc6 3. Nf3 e4 4. Ne5 Nxe5 5. Bxe5 d6 6. Bb2 Nf6 7. e3 g6 8. d3 exd3 9. Bxd3 Bg7 10. Nd2 O-O 11. h3 d5 12. O-O c5 13. c4 dxc4 14.
Nxc4 b6 15. Qf3 Qxd3 16. Qxa8 Bxh3 17. Qf3 Bg4 18. Qf4 Re8 19. Bxf6 Bf8 20. Qxg4 1-0

[Event "*** Titled Tuesday Blitz"]
[Site "Chess.com"]
[Date "2020.03.03"]
[Round "4"]
[White "SloLev"]
[Black "enzovsky"]
[Result "1-0"]
[WhiteElo "2525"]
[BlackElo "2326"]
[TimeControl "180+1"]
[EndTime "13:37:01 PST"]
[Termination "SloLev won by resignation"]

1. e4 c5 2. c3 Nf6 3. e5 Nd5 4. g3 e6 5. Bg2 d6 6. exd6 Qxd6 7. Nf3 Be7 8. O-O O-O 9. Na3 Nc6 10. d4 cxd4 11. Nb5 Qd7 12. Nbxd4 Nxd4 13. Nxd4 Rd8 14. Qe2 Qc7 15. Rd1 Bd7 16. c4 Nb6 17. b3 Bc6 18.
Bf4 Bd6 19. Bxd6 Rxd6 20. Nxc6 bxc6 21. Rxd6 Qxd6 22. Rd1 Qc5 23. Qe4 g6 24. Qxc6 Qa3 25.
Qd6 Qxa2 26. Bxa8 1-0

[Event "*** Titled Tuesday Blitz"]
[Site "Chess.com"]
[Date "2020.03.03"]
[Round "4"]
[White "RaphCamora"]
[Black "Aleksandr_Kozak"]
[Result "0-1"]
[WhiteElo "2430"]
[BlackElo "2245"]
[TimeControl "180+1"]
[EndTime "13:37:05 PST"]
[Termination "Aleksandr_Kozak won by resignation"]

1. e4 e5 2. Nf3 Nc6 3. Bc4 Nf6 4.
d3 Bc5 5. O-O d6 6. c3 Bb6 7. a4 a6 8. Re1 h6 9. Nbd2 g5 10. b4 Nh5 11. a5 Ba7 12. g3 Qf6 13.
Qe2 g4 14. Nh4 Nf4 15. gxf4 Qxh4 16. f5 g3 17. Kg2 Qxh2+ 18. Kf3 gxf2 0-1

[Event "*** Titled Tuesday Blitz"]
[Site "Chess.com"]
[Date "2020.03.03"]
[Round "4"]
[White "riconaipe"]
[Black "shanemelaughcm"]
[Result "1-0"]
[WhiteElo "2553"]
[BlackElo "2281"]
[TimeControl "180+1"]
[EndTime "13:37:13 PST"]
[Termination "riconaipe won by resignation"]

1. e4 c5 2. Nf3 Nc6 3. Bb5 g6 4. Bxc6 dxc6 5. O-O Bg7 6. d3 e5 7. a4 b6 8. Na3 Nh6 9. Nc4 f6 10. c3 O-O 11. d4 cxd4 12. cxd4 Bg4 13. dxe5 Qxd1 14.
Rxd1 fxe5 15. Bxh6 Bxh6 16. Ncxe5 Bg7 17. Nxg4 Bxb2 18. Rab1 Bg7 19. Rd7 Rfe8 20. e5 c5 21. Nf6+ Bxf6 22. exf6 Rf8 23. Rd6 Rad8 24. Rbd1 Rxd6 25.
Rxd6 Re8 26. g4 Re4 27. g5 Rxa4 28. Ne5 h6 29. f7+ 1-0

[Event "*** Titled Tuesday Blitz"]
[Site "Chess.com"]
[Date "2020.03.03"]
[Round "4"]
[White "dlp300"]
[Black "kasparicy"]
[Result "1-0"]
[WhiteElo "2664"]
[BlackElo "2361"]
[TimeControl "180+1"]
[EndTime "13:37:23 PST"]
[Termination "dlp300 won by resignation"]

1. e4 c5 2. Nf3 d6 3. d4 cxd4 4. Nxd4 Nf6 5. Nc3 a6 6. h3 e6 7. g4 b5 8. Bg2 Bb7 9. a3 Nfd7 10.
O-O Be7 11. f4 Qc7 12. g5 Nc6 13. Be3 O-O 14. f5 Nxd4 15. Qxd4 Rad8 16. f6 gxf6 17.
gxf6 e5 18. Qd3 Nxf6 19. Bh6 Kh8 20. Bxf8 Bxf8 21. Rxf6 1-0

[Event "*** Titled Tuesday Blitz"]
[Site "Chess.com"]
[Date "2020.03.03"]
[Round "4"]
[White "DenishevM"]
[Black "diskeleven"]
[Result "1-0"]
[WhiteElo "2600"]
[BlackElo "2366"]
[TimeControl "180+1"]
[EndTime "13:37:36 PST"]
[Termination "DenishevM won by resignation"]

1. d4 f5 2. g3 Nf6 3. Bg2 e6 4. c4 d5 5. Nf3 c6 6. O-O Bd6 7. Nbd2 Nbd7 8. b3 b6 9. Bb2 Bb7 10. Rc1 O-O 11. Qc2 Qe7 12. Ne5 Rfc8 13. Ndf3 a5 14.
a4 Nb8 15. cxd5 cxd5 16. Qxc8+ Bxc8 17. Rxc8+ Ne8 18. Rfc1 Ra7 19. e3 Rc7 20. R1xc7 Bxc7 21. Ba3 1-0

[Event "*** Titled Tuesday Blitz"]
[Site "Chess.com"]
[Date "2020.03.03"]
[Round "4"]
[White "SHIVACalypso"]
[Black "Babas"]
[Result "0-1"]
[WhiteElo "2174"]
[BlackElo "2356"]
[TimeControl "180+1"]
[EndTime "13:37:40 PST"]
[Termination "Babas won by resignation"]

1. Nf3 d5 2. c4 c6 3. d4 Nf6 4. g3 e6 5. Bg2 Nbd7 6. O-O Bd6 7. Nc3 O-O 8. Nd2 Re8 9. e4 e5 10. dxe5 Nxe5 11. exd5 Bg4 12. Qb3 Qc7 13. dxc6 bxc6 14. h3 Be6 15. Qa4 Rab8 16. f4 Rb4 17. fxe5 Bc5+ 0-1

[Event "*** Titled Tuesday Blitz"]
[Site "Chess.com"]
[Date "2020.03.03"]
[Round "4"]
[White "Micki-taryan"]
[Black "JonahWillow"]
[Result "1-0"]
[WhiteElo "2991"]
[BlackElo "2629"]
[TimeControl "180+1"]
[EndTime "13:37:44 PST"]
[Termination "Micki-taryan won by resignation"]

1. d4 d5 2. c4 dxc4 3. Nf3 a6 4. a4 Nf6 5. e3 Bg4 6. Bxc4 e6 7. Nbd2 Nc6 8. h3 Bh5 9. Be2 Bd6 10. O-O O-O 11.
Nc4 Re8 12. b3 Bf8 13. Bb2 Qd5 14. Rc1 Rad8 15. Qe1 Ne4 16. Nfd2 Bxe2 17. Qxe2 Bb4 18. Nxe4 Qxe4 19. Rfd1 Na5 20. f3 Qf5 21. e4 Qg5 22.
Nxa5 Bxa5 23. Rc5 f5 24. Rxa5 b6 25. Re5 c5 26. exf5 cxd4 27. Rxd4 Rxd4 28. Bxd4 Rd8 29. Rxe6 Qc1+ 30. Kf2 1-0

[Event "*** Titled Tuesday Blitz"]
[Site "Chess.com"]
[Date "2020.03.03"]
[Round "4"]
[White "ama18"]
[Black "TheBigBadChessDad"]
[Result "1-0"]
[WhiteElo "2518"]
[BlackElo "2315"]
[TimeControl "180+1"]
[EndTime "13:37:59 PST"]
[Termination "ama18 won on time"]

1. e4 e5 2. Nf3 Nf6 3. Nxe5 d6 4.
Nf3 Nxe4 5. Nc3 Nxc3 6. dxc3 Be7 7. Be3 Nd7 8. Qd2 O-O 9. O-O-O Re8 10. Kb1 c6 11.
Bd3 d5 12. h3 Nc5 13. g4 Nxd3 14. cxd3 a5 15. Ne5 Bd6 16. Nf3 a4 17. Rde1 a3 18.
b3 b5 19. Bf4 1-0

[Event "*** Titled Tuesday Blitz"]
[Site "Chess.com"]
[Date "2020.03.03"]
[Round "4"]
[White "isla88"]
[Black "elisak43"]
[Result "0-1"]
[WhiteElo "2317"]
[BlackElo "2520"]
[TimeControl "180+1"]
[EndTime "13:38:01 PST"]
[Termination "elisak43 won by resignation"]

1. c4 g6 2. Nc3 Bg7 3. d4 Nf6 4.
e4 O-O 5. h3 d6 6. Be3 Nbd7 7.
g4 c5 8. d5 b5 9. cxb5 Qa5 10.
Qd2 a6 11. bxa6 Bxa6 12. Bxa6 Qxa6 13. Nge2 Ne5 14. Kf1 Rfb8 15. Kg2 Nc4 16. Qd3 Nxe3+ 17. Qxe3 Rxb2 18. Rab1 Rab8 19. Rxb2 Rxb2 20. a4 Nd7 21. Ra1 Rxe2 0-1

[Event "*** Titled Tuesday Blitz"]
[Site "Chess.com"]
[Date "2020.03.03"]
[Round "4"]
[White "MisiekZielony"]
[Black "Bongcloudtransvestit"]
[Result "0-1"]
[WhiteElo "2074"]
[BlackElo "2343"]
[TimeControl "180+1"]
[EndTime "13:38:32 PST"]
[Termination "Bongcloudtransvestit won by resignation"]

1. c4 Nf6 2. Nc3 c5 3. g3 e6 4. Bg2 d5 5. cxd5 exd5 6. d4 cxd4 7. Nb1 Nc6 8. Nf3 Bb4+ 9. Nbd2 O-O 10. O-O Re8 11.
Nb3 Qb6 12. h3 a5 13. a4 h6 14. Nbxd4 Nxd4 15. Nxd4 Ne4 16. e3 Bd7 17. Kh2 Rac8 18. f3 Nf6 19. Bd2 Bc5 20. Bc3 Rxe3 21. Qd2 Rce8 22.
Bxa5 Qa6 23. Bc3 Bxd4 24. Qxd4 Re2 25. b3 Qe6 26. Rfe1 Qxh3+ 0-1

[Event "*** Titled Tuesday Blitz"]
[Site "Chess.com"]
[Date "2020.03.03"]
[Round "4"]
[White "black_pawn_16"]
[Black "ChesterF"]
[Result "1-0"]
[WhiteElo "2194"]
[BlackElo "2418"]
[TimeControl "180+1"]
[EndTime "13:38:34 PST"]
[Termination "black_pawn_16 won by resignation"]

1. e4 c5 2. Nc3 a6 3. f4 b5 4. g3 Bb7 5. Bg2 e6 6. d3 Nf6 7. Nh3 b4 8. Ne2 d5 9. e5 Nfd7 10. O-O Be7 11. c3 Nc6 12. d4 Qb6 13.
Kh1 a5 14. f5 Ba6 15. Nhf4 Nd8 16. fxe6 fxe6 17. Nh5 Bf8 18. Rf2 g6 19. Bg5 gxh5 20. Nf4 Nf7 21. Qxh5 Be7 22. Nxd5 exd5 23. Qxf7+ Kd8 24.
Qxe7+ Kc8 25. e6 Nb8 26. Bxd5 Ra7 27. Rf8+ 1-0

[Event "*** Titled Tuesday Blitz"]
[Site "Chess.com"]
[Date "2020.03.03"]
[Round "4"]
[White "M1711"]
[Black "Maili15"]
[Result "1-0"]
[WhiteElo "2525"]
[BlackElo "2326"]
[TimeControl "180+1"]
[EndTime "13:38:40 PST"]
[Termination "M1711 won on time"]

1. d4 d5 2. c4 e6 3. Nc3 Nf6 4. cxd5 exd5 5. Bg5 Be7 6. e3 c6 7. Bd3 Nbd7 8. Qc2 O-O 9. Nge2 Re8 10. O-O Nf8 11. f3 Nh5 12. Bxe7 Qxe7 13. e4 dxe4 14.
fxe4 Ng6 15. e5 Be6 16. Ne4 Red8 17. Bc4 Nf8 18. Rad1 Qb4 19. Bxe6 Nxe6 20. Nd6 f6 21. a3 Qb6 22. Qc4 Rxd6 23. exd6 Kf7 24. Nc3 Rd8 25. Ne4 Rd7 26. Ng5+ 1-0

[Event "*** Titled Tuesday Blitz"]
[Site "Chess.com"]
[Date "2020.03.03"]
[Round "4"]
[White "reigningmvp"]
[Black "kismet6"]
[Result "1-0"]
[WhiteElo "2297"]
[BlackElo "1987"]
[TimeControl "180+1"]
[EndTime "13:38:40 PST"]
[Termination "reigningmvp won on time"]

1. e4 c5 2. Nf3 Nc6 3. Bb5 g6 4. Bxc6 dxc6 5. O-O Bg7 6. d3 e5 7.
a3 Ne7 8. Be3 b6 9. b4 cxb4 10.
axb4 Be6 11. c4 h6 12. Nc3 O-O 13. b5 Qc7 14. bxc6 Qxc6 15. Nd5 Rfe8 16. Ra6 Qb7 17. Qa1 Bg4 18. Ne1 Be2 19. Nc2 Bxf1 20. Kxf1 Nxd5 21.
exd5 f5 22. Nb4 f4 23. Bd2 e4 24. d4 e3 25. Be1 e2+ 26. Kg1 b5 27. c5 f3 28.
Rxg6 Qf7 29. Qb1 1-0

[Event "*** Titled Tuesday Blitz"]
[Site "Chess.com"]
[Date "2020.03.03"]
[Round "4"]
[White "IMDT02"]
[Black "ChessPlayer202202"]
[Result "1-0"]
[WhiteElo "2494"]
[BlackElo "2297"]
[TimeControl "180+1"]
[EndTime "13:38:47 PST"]
[Termination "IMDT02 won on time"]

1. Nf3 Nf6 2. g3 g6 3. Bg2 Bg7 4. O-O O-O 5. b3 d5 6. Bb2 c5 7. d4 cxd4 8. Nxd4 Nc6 9. Nxc6 bxc6 10. c4 e6 11. Nc3 Ba6 12. cxd5 cxd5 13. Rc1 Rc8 14.
Re1 Qa5 15. Na4 Rxc1 16. Qxc1 Rc8 17. Qa1 Rc2 18. Rc1 Rxc1+ 19. Qxc1 Ne8 20. Bxg7 Kxg7 21. e3 Nd6 22. Bf1 Bxf1 23. Qxf1 Qc7 24. Qa1+ Kg8 25. Kg2 Ne4 26. Qb2 h5 27. h4 a5 28. Qe2 Qc6 29.
f3 Nc3 30. Qc2 Qb5 31. Nxc3 Qc5 32. Qd2 1-0

[Event "*** Titled Tuesday Blitz"]
[Site "Chess.com"]
[Date "2020.03.03"]
[Round "4"]
[White "metra93"]
[Black "Danfii"]
[Result "0-1"]
[WhiteElo "2583"]
[BlackElo "2421"]
[TimeControl "180+1"]
[EndTime "13:38:48 PST"]
[Termination "Danfii won by resignation"]

1. d4 Nf6 2. c4 e6 3. Nc3 Bb4 4. e3 O-O 5. Bd3 d5 6. Ne2 c5 7.
a3 Bxc3+ 8. Nxc3 cxd4 9. exd4 dxc4 10. Bxc4 b6 11. Qf3 Ba6 12. Qxa8 Bxc4 13. Be3 Nd5 14. Qb7 Ba6 15. Qxa7 Nxc3 16. bxc3 Qc8 17. Kd2 Qc4 18.
Rhd1 Qd3+ 19. Kc1 Qxc3+ 20. Kb1 Qb3+ 21. Kc1 Rc8+ 22. Kd2 Qd3+ 0-1

[Event "*** Titled Tuesday Blitz"]
[Site "Chess.com"]
[Date "2020.03.03"]
[Round "4"]
[White "chesstatour"]
[Black "Martins-BR"]
[Result "0-1"]
[WhiteElo "2044"]
[BlackElo "2328"]
[TimeControl "180+1"]
[EndTime "13:38:48 PST"]
[Termination "Martins-BR won on time"]

1. c4 f5 2. Nc3 Nf6 3. g3 g6 4. Bg2 Bg7 5. Nf3 O-O 6. O-O d6 7. d4 c6 8. d5 e5 9. dxe6 Bxe6 10. Bf4 Bxc4 11. Bxd6 Re8 12. Ne5 Be6 13. Qd2 Nbd7 14. Rfd1 Nb6 15. Nf3 Nc4 16. Qf4 Nh5 17. Qc1 Nxd6 18.
Ng5 Qe7 19. Nxe6 Qxe6 20. e3 Ne4 21. Nxe4 fxe4 22. Rd4 Bxd4 23. exd4 e3 24. fxe3 Qxe3+ 0-1

[Event "*** Titled Tuesday Blitz"]
[Site "Chess.com"]
[Date "2020.03.03"]
[Round "4"]
[White "MiroVlasenko"]
[Black "ChelsieMonica"]
[Result "1/2-1/2"]
[WhiteElo "2637"]
[BlackElo "2174"]
[TimeControl "180+1"]
[EndTime "13:38:49 PST"]
[Termination "Game drawn by repetition"]

1. e4 e5 2. Nc3 Nf6 3. Bc4 c6 4. d3 d5 5. exd5 cxd5 6. Bb3 Nc6 7. Nf3 Bd6 8. O-O d4 9. Nb5 Bb8 10. Re1 O-O 11. Bg5 h6 12. Bh4 a6 13. Na3 b5 14. c3 Bg4 15. Nc2 Re8 16. cxd4 g5 17. Bg3 exd4 18. Rxe8+ Qxe8 19. Qe1 Bxg3 20. hxg3 Bxf3 21.
gxf3 Ne5 22. Kg2 Nxd3 23. Qd2 Nc5 24. Qxd4 Nxb3 25. axb3 Qc6 26. Ne3 Re8 27. Nf5 Kh7 28.
Rh1 h5 29. g4 h4 30. Rc1 Qe6 31. Re1 Qxe1 32. Qxf6 h3+ 33. Kxh3 Qh1+ 34. Kg3 Qg1+ 35. Kh3 Qh1+ 36. Kg3 Qg1+ 37. Kh3 Qh1+ 1/2-1/2